 Seeded DCSS version 0.31-a0-626-g8143ab4f1d (webtiles) character file.

Game seed: 12485923201681380469 (custom seed)

3153 innerfire43 the Grappler (level 9, -3/69 HPs)
             Began as a Gnoll Shapeshifter on Aug 24, 2023.
             Was an Elder of Cheibriados.
             Slain by a red ugly thing (17 damage)
             ... on level 8 of the Dungeon.
             The game lasted 00:10:09 (6441 turns).

innerfire43 the Grappler (Gnoll Shapeshifter)       Turns: 6441, Time: 00:10:10

Health: -3/69      AC: 11    Str: 31    XL:     9   Next: 93%
Magic:  0/17       EV: 16    Int: 18    God:    Cheibriados [****..]
Gold:   535        SH:  0    Dex: 23    Spells: 15/18 levels left

rFire   . . .        n - +4 longbow (freeze)
rCold   . . .        (shield currently unavailable)
rNeg    . . .        l - +5 ring mail
rPois   .            s - melded +0 helmet
rElec   .            (cloak currently unavailable)
rCorr   .            (gloves currently unavailable)
SInv    .            (boots currently unavailable)
Will    .....        (no amulet)
Stlth   +++          h - +6 ring of strength
HPRegen 0.31/turn    (no ring)
MPRegen 0.15/turn

%: random rage (3%)
@: beast-form, very slightly contaminated, very slow
A: beast (slay +4), fangs 1, strong nose, distributed training, horns 1, berserk
1, MP-powered wands
a: Begin Untransformation, Renounce Religion, Bend Time, Temporal Distortion,
Slouch


You were on level 8 of the Dungeon.
You worshipped Cheibriados.
Cheibriados was greatly pleased with you.
You were a hulking beast.
You visited 1 branch of the dungeon, and saw 8 of its levels.
You also visited: Sewer.

You collected 535 gold pieces.

Inventory:

Hand Weapons
 n - a +4 longbow of freezing (weapon)
 H - a +5 battleaxe
Missiles
 o - a throwing net
Armour
 a - a +0 animal skin
 l - a +5 ring mail (worn)
 s - a +0 helmet (melded)
 D - a +0 pair of gloves
 E - a +2 cloak
Jewellery
 h - a +6 ring of strength (left hand)
 w - a +6 ring of intelligence
 F - a ring of fire
 L - an amulet of faith
Talismans
 c - a beast talisman (active)
 d - a flux talisman
Wands
 y - a wand of iceblast (8)
 z - a wand of light (12)
 A - a wand of digging (8)
Scrolls
 g - 3 scrolls of amnesia
 i - 2 scrolls of immolation
 j - 4 scrolls of teleportation
 p - a scroll of vulnerability
 q - a scroll of fog
 B - a scroll of revelation
 K - a scroll of blinking
Potions
 b - a potion of lignification
 e - 3 potions of enlightenment
 f - 4 potions of haste {unknown}
 k - 2 potions of brilliance
 m - 2 potions of might {unknown}
 r - 2 potions of degeneration {unknown}
 t - a potion of magic {unknown}
 v - a potion of curing
 C - a potion of attraction {unknown}
 G - a potion of cancellation
 I - a potion of berserk rage


   Skills:
 + Level 6.0 Fighting
 + Level 5.4 Short Blades
 + Level 5.4 Long Blades
 + Level 5.4 Axes
 + Level 5.4 Maces & Flails
 + Level 5.4 Polearms
 + Level 5.4 Staves
 + Level 5.4 Ranged Weapons
 + Level 5.4 Throwing
 + Level 5.4 Armour
 + Level 7.1 Dodging
 + Level 5.4 Stealth
 + Level 5.4 Shields
 + Level 8.6 Unarmed Combat
 + Level 5.4 Spellcasting
 + Level 4.4 Conjurations
 + Level 4.4 Hexes
 + Level 4.4 Summonings
 + Level 4.4 Necromancy
 + Level 4.4 Translocations
 + Level 4.4 Transmutations
 + Level 4.4 Fire Magic
 + Level 4.4 Ice Magic
 + Level 4.4 Air Magic
 + Level 4.4 Earth Magic
 + Level 4.4 Poison Magic
 + Level 5.9 Invocations
 + Level 5.4 Evocations
 + Level 8.2 Shapeshifting


You had 15 spell levels left.
You knew the following spells:

 Your Spells              Type           Power      Damage    Failure   Level
a - Vampiric Draining     Necr           20%        2d7       9%          3

Your spell library contained the following spells:

 Spells                   Type           Power      Damage    Failure   Level
 Slow                     Hex            80%        N/A       2%          1
 Blink                    Tloc           40%        N/A       4%          2
 Lesser Beckoning         Tloc           40%        N/A       4%          2
 Momentum Strike          Conj/Tloc      40%        3d9       4%          2
 Confusing Touch          Hex            20%        N/A       9%          3
 Manifold Assault         Tloc           20%        N/A       28%         4


Dungeon Overview and Level Annotations

Branches:
Dungeon (8/15)             Temple (0/1) D:6           Sewer (visited)
   Lair: D:8-11

Altars:
Cheibriados
Elyvilon
Gozag
Hepliaklqana
Kikubaaqudgha
Ru
Uskayaw
Wu Jian
Xom
Zin

Annotations:
D:8 bmack86's ghost, novice MiFi


Innate Abilities, Weirdness & Mutations

You are a hulking beast.
Your limbs bulge with bestial killing power. (Slay +4)
You have very sharp teeth.
Your uncanny sense of smell can sniff out nearby items.
Your experience applies equally to all skills.
You have a pair of small horns on your head.
You sometimes lose your temper in combat.
You expend magic power (3 MP) to strengthen your wands.


Message History

Press: ? - help, Q - select action, (/) - cycle Shift-Dir - straight line, f/p - bmack86's ghost
Aim: bmack86's ghost (heavily damaged, not susceptible)
You miscast Vampiric Draining.
You are very lightly contaminated with residual magic.
Nothing appears to happen.
The cyan ugly thing misses you. Bmack86's ghost closely misses you.
Aiming: Vampiric Draining (dangerous; 9% risk of failure)
Press: ? - help, Q - select action, (/) - cycle Shift-Dir - straight line, f/p - bmack86's ghost
Aim: bmack86's ghost (heavily damaged, not susceptible) Bmack86's ghost is unaffected.
The cyan ugly thing basks in your mutagenic energy and changes!
Bmack86's ghost hits you!
* * * LOW HITPOINT WARNING * * *
The boulder beetle leaps!
You are too injured to fight recklessly!
Casting: Vampiric Draining (dangerous; 9% risk of failure)
Confirm with . or Enter, or press ? or * to list all spells.
You don't have enough magic to cast this spell.
You don't have enough magic to cast this spell.
Unknown command.
You don't have enough magic to cast this spell.
You don't have enough magic to cast this spell.
You don't have enough magic to cast this spell.
Fire: n) +4 longbow (freeze)
Press: ? - help, Shift-Dir - straight line, f/p - bmack86's ghost
Aim: bmack86's ghost (heavily damaged, 78% to hit)
You shoot an arrow.
The arrow closely misses bmack86's ghost.
Bmack86's ghost hits you!
* * * LOW HITPOINT WARNING * * *
The boulder beetle leaps!
Bmack86's ghost closely misses you.
The boulder beetle curls into a ball and begins rolling!
You feel much better. The red ugly thing trunk-slaps you.
You are engulfed in flames!
* * * LOW HITPOINT WARNING * * *
Bmack86's ghost misses you.
You feel better. The red ugly thing trunk-slaps you.
* * * LOW HITPOINT WARNING * * *
You are engulfed in flames!
You die...

..........#....#......#
.........##############
#>..##..<##..##∩8∩8.##
#...##.<.##..#.$.$..∩#
#........#...#8$.8..8#
#.......)#...#.$._..∩#
#........#...##$Y$..#############
#........##...##Wu'####...#..#...
#........##.....h..........<.....
#...##...##......................
#...##...##.......B..............
.........#.........○.##.>...##...
.........#######....°#########...
.........##..(##.................
.........#....#...............~≈~
.........#....#..............~≈≈~
.........'....'..............~≈≈≈


You could see a boulder beetle (rolling), a red ugly thing, a yak and bmack86's
ghost.

Vanquished Creatures
  Joseph (D:8)
  A water moccasin (D:7)
  An orc warrior (D:7)
  2 ice beasts
  An ogre (D:5)
  2 centaurs
  A phantom (D:7)
  3 kobold brigands (D:7)
  3 bullfrogs
  5 scorpions
  8 wights (D:7)
  3 killer bees (D:8)
  2 jellies
  2 hounds
  An iron imp (D:3)
  2 orc priests
  A gnoll bouda (D:6)
  2 sleepcaps
  Terence (D:2)
  5 orc wizards
  2 iguanas (D:6)
  A hell rat (Sewer)
  Robin (D:3)
  7 gnolls (D:6)
  2 river rats (Sewer)
  3 adders
  A shadow imp (D:5)
  A white imp (D:5)
  An ufetubus (D:5)
  A worm (D:2)
  A dart slug (D:3)
  30 orcs
  5 endoplasms
  6 giant cockroaches
  14 goblins
  19 hobgoblins
  23 kobolds
  5 quokkas
  5 ball pythons
  5 bats
  A frilled lizard (D:2)
  11 rats
192 creatures vanquished.

Notes
Turn   | Place    | Note
-------+----------+-------------------------------------------
     0 | D:1      | innerfire43 the Gnoll Shapeshifter began the quest for the
                  | Orb.
     0 | D:1      | Reached XP level 1. HP: 17/17 MP: 1/1
   182 | D:1      | Reached XP level 2. HP: 19/23 MP: 2/2
   577 | D:1      | Reached XP level 3. HP: 26/28 MP: 3/3
   577 | D:1      | Reached XP level 4. HP: 38/38 MP: 3/9
   998 | D:2      | Noticed Terence
  1007 | D:2      | Killed Terence
  1455 | D:2      | Reached XP level 5. HP: 43/43 MP: 10/10
  1816 | D:3      | Noticed Robin
  1839 | D:3      | Killed Robin
  1989 | D:3      | Found a snail-covered altar of Cheibriados.
  2002 | D:3      | Became a worshipper of Cheibriados the Contemplative
  2025 | D:3      | Found a faded altar of an unknown god.
  2199 | D:3      | Found an ornate altar of the Wu Jian Council.
  2199 | D:3      | Found a glowing silver altar of Zin.
  2359 | D:4      | Reached XP level 6. HP: 50/50 MP: 11/11
  2377 | D:4      | Identified a scroll of acquirement
  2377 | D:4      | Acquired a +1 longbow of freezing
  2562 | D:4      | Found a white marble altar of Elyvilon.
  2647 | D:4      | Reached * piety under Cheibriados
  2648 | D:4      | Reached XP level 7. HP: 55/55 MP: 13/13
  2660 | D:4      | Found an ancient bone altar of Kikubaaqudgha.
  2830 | D:5      | Entered Level 5 of the Dungeon
  2840 | D:5      | Found a sacrificial altar of Ru.
  2852 | D:5      | Found a glowing drain.
  2974 | D:5      | Found a hazy altar of Hepliaklqana.
  2995 | D:5      | Reached skill level 5 in Fighting
  3062 | Sewer    | Entered a sewer
  3386 | D:5      | Reached XP level 8. HP: 62/62 MP: 14/14
  3597 | D:5      | Found a shimmering altar of Xom.
  4006 | D:6      | Found a staircase to the Ecumenical Temple.
  4060 | D:6      | Reached ** piety under Cheibriados
  4174 | D:6      | Reached skill level 5 in Invocations
  4775 | D:7      | Reached XP level 9. HP: 68/68 MP: 16/16
  4805 | D:7      | Reached *** piety under Cheibriados
  4890 | D:7      | Reached skill level 5 in Short Blades
  4890 | D:7      | Reached skill level 5 in Long Blades
  4890 | D:7      | Reached skill level 5 in Axes
  4890 | D:7      | Reached skill level 5 in Maces & Flails
  4890 | D:7      | Reached skill level 5 in Polearms
  4890 | D:7      | Reached skill level 5 in Staves
  4890 | D:7      | Reached skill level 5 in Ranged Weapons
  4890 | D:7      | Reached skill level 5 in Throwing
  4890 | D:7      | Reached skill level 5 in Armour
  4890 | D:7      | Reached skill level 5 in Stealth
  4890 | D:7      | Reached skill level 5 in Shields
  4890 | D:7      | Reached skill level 5 in Spellcasting
  4890 | D:7      | Reached skill level 5 in Evocations
  5617 | D:7      | Gained mutation: You have a pair of small horns on your
                  | head. [potion of mutation]
  5617 | D:7      | Gained mutation: You expend magic power (3 MP) to
                  | strengthen your wands. [potion of mutation]
  5617 | D:7      | Gained mutation: You sometimes lose your temper in combat.
                  | [potion of mutation]
  5622 | D:7      | Learned a level 3 spell: Vampiric Draining
  5723 | D:8      | Noticed Joseph
  5729 | D:8      | Killed Joseph
  5833 | D:8      | Found a hide-covered altar of Uskayaw.
  5929 | D:8      | Reached **** piety under Cheibriados
  6005 | D:8      | Found a runed translucent gate.
  6005 | D:8      | Found a runed translucent gate.
  6006 | D:8      | Found a runed translucent gate.
  6007 | D:8      | Found an opulent altar of Gozag.
  6008 | D:8      | Noticed bmack86's ghost (novice MiFi)
  6008 | D:8      | Noticed a boulder beetle
  6008 | D:8      | Noticed a cyan ugly thing
  6439 | D:8      | HP: 3/69 [bmack86's ghost (11)]
  6441 | D:8      | Slain by a red ugly thing

Illustrated notes

Levels and vault maps discovered:
D:1:      lightli_arrival_maybe_door_vault, layout_rooms, kennysheep_nondescript
D:2:      layout_basic, uniq_terence
D:3:      layout_rooms, slow_altar_2, nicolae_overflow_two_pavilions,
          shapermc_ecumenical_altar_hornbeckon, guppyfry_early_lair_pool,
          uniq_robin
D:4:      layout_rooms, mainiacjoe_overflow_six_doors_small,
          mainiacjoe_overflow_alcove_4
D:5:      layout_basic, nicolae_overflow_hidden_temple,
          worldfamousw_hep_ancestral_shrine, nicolae_ru_awakened_eye,
          cheibrodos_sewer_entry_drain, nrook_mini_backslash
D:6:      layout_loops_corners, minmay_temple_entry_statues_fountains
D:7:      cheibrodos_quashed, layout_basic
D:8:      layout_gridville, amcnicky_altar_gilded, ebering_ghost_gozag,
          serial_rivers, chequers_serial_rivers_small_3,
          chequers_serial_rivers_micro_d, chequers_serial_rivers_micro_e,
          chequers_serial_rivers_small_3, chequers_serial_rivers_small_3,
          fungi_pond_lemuel, minmay_misc_feat_ornament, uniq_joseph

Skill      XL: |  1  2  3  4  5  6  7  8  9 |
---------------+----------------------------+-----
Fighting       | 4 5 6 |  6.0
Short Blades   | 3 4 5 |  5.4
Long Blades    | 3 4 5 |  5.4
Axes           | 3 4 5 |  5.4
Maces & Flails | 3 4 5 |  5.4
Polearms       | 3 4 5 |  5.4
Staves         | 3 4 5 |  5.4
Ranged Weapons | 3 4 5 |  5.4
Throwing       | 3 4 5 |  5.4
Armour         | 3 4 5 |  5.4
Dodging        | 6 7 |  7.1
Stealth        | 3 4 5 |  5.4
Shields        | 3 4 5 |  5.4
Unarmed Combat | 7 8 |  8.6
Spellcasting   | 3 4 5 |  5.4
Conjurations   | 3 4 |  4.4
Hexes          | 3 4 |  4.4
Summonings     | 3 4 |  4.4
Necromancy     | 3 4 |  4.4
Translocations | 3 4 |  4.4
Transmutations | 3 4 |  4.4
Fire Magic     | 3 4 |  4.4
Ice Magic      | 3 4 |  4.4
Air Magic      | 3 4 |  4.4
Earth Magic    | 3 4 |  4.4
Poison Magic   | 3 4 |  4.4
Invocations    | 4 5 |  5.9
Evocations     | 3 4 5 |  5.4
Shapeshifting  | 7 8 |  8.2

Action                     |  1- 3 |  4- 6 |  7- 9 || total
---------------------------+-------+-------+-------++-------
  Melee: Unarmed           |    53 |   164 |       ||   217
         Bite              |     4 |    14 |       ||    18
   Fire: Longbow           |       |    21 |   205 ||   226
   Cast: Vampiric Draining |       |       |     5 ||     5
    Use: Potion            |     1 |       |     5 ||     6
         Scroll            |       |    11 |    11 ||    22
 Armour: Animal skin       |     4 |     5 |       ||     9
         Ring mail         |       |    52 |    24 ||    76
  Dodge: Dodged            |    24 |    98 |    76 ||   198
   Form: Flux              |     1 |       |       ||     1
         Beast             |       |     1 |       ||     1

Table legend: (Time is in decaauts)
 A = Elapsed time spent in this place.
 B = Non-inter-level travel time spent in this place.
 C = Inter-level travel time spent in this place.
 D = Time resting spent in this place.
 E = Time spent auto-exploring this place.
 F = Levels seen in this place.
 G = Mean time per level.
                   A        B        C        D        E       F      G
               +--------+--------+--------+--------+--------+-----+--------+
         Total |   8412 |   7849 |    563 |      0 |   6609 |   9 |  934.7 |
       Dungeon |   8299 |   7736 |    563 |      0 |   6540 |   8 | 1037.4 |
         Sewer |    113 |    113 |      0 |      0 |     69 |   1 |  113.0 |
               +--------+--------+--------+--------+--------+-----+--------+

Top non-repeatable levels by time:
     D:7: 1565 daAuts
     D:6: 1324 daAuts
     D:8: 1276 daAuts
     D:5: 1084 daAuts
     D:2: 955 daAuts
     D:3: 731 daAuts
     D:1: 686 daAuts
     D:4: 675 daAuts
   Sewer: 113 daAuts
